PCL
LAS VEGAS STARS @ MILE HIGH BRONCOS
08/30/2027
 
TOP OF THE 1ST
Las Vegas Stars batting - Pitching for Mile High Broncos : RHP Denny Green
Pitching: RHP Denny Green
Batting: RHB Jonathan MacVey 0-0: Ball
1-0: Swinging Strike
1-1: Ball
2-1: Ball
3-1: Base on Balls
Batting: SHB Sloan James 0-0: 2-RUN HOME RUN (Flyball, 9LD), Distance : 374 ft
Batting: RHB Tom Howe 0-0: Ball
1-0: Swinging Strike
1-1: Foul Ball, location: 2F
1-2: Ball
2-2: Foul Ball, location: 2F
2-2: Foul Ball, location: 2F
2-2: Foul Ball, location: 2F
2-2: Foul Ball, location: 2F
2-2: Strikes out swinging
Batting: LHB Fernando De La Cruz 0-0: Fly out, F9 (Flyball, 89D)
Now in RF: Milton Watson
Batting: SHB Héctor Barajas 0-0: SINGLE (Flyball, 9S)
Batting: LHB Bryan Foster 0-0: Ball
1-0: Called Strike
1-1: Ball
2-1: Foul Ball, location: 2F
2-2: Ball
3-2: Strikes out looking
Top of the 1st over - 2 run(s), 2 hit(s), 0 error(s), 1 left on base; Las Vegas 2 - Mile High 0
BOTTOM OF THE 1ST
Mile High Broncos batting - Pitching for Las Vegas Stars : RHP Javier Valenzuela
Pitching: RHP Javier Valenzuela
Batting: LHB Ernesto López 0-0: Ball
1-0: Ball
2-0: Foul Ball, location: 2F
2-1: Bunted foul
2-2: Fly out, F8 (Flyball, 8RS)
Batting: SHB Tom Stevens 0-0: Ball
1-0: Foul Ball, location: 2F
1-1: Ground out U3 (Groundball, 34)
Batting: RHB António Martínez 0-0: Ground out 6-3 (Groundball, 6)
Bottom of the 1st over - 0 run(s), 0 hit(s), 0 error(s), 0 left on base; Las Vegas 2 - Mile High 0
TOP OF THE 2ND
Las Vegas Stars batting - Pitching for Mile High Broncos : RHP Denny Green
Batting: LHB Diego Torres 0-0: Ball
1-0: Called Strike
1-1: Swinging Strike
1-2: SINGLE (Groundball, 56S) (infield hit)
Batting: LHB Paco Rivera 0-0: Ball
1-0: Called Strike
1-1: Ball
2-1: Grounds into double play, 4-6-3 (Groundball, 34)
Batting: RHB Ryan McBride 0-0: Ball
1-0: Fly out, F3 (Line Drive, 3)
Top of the 2nd over - 0 run(s), 1 hit(s), 0 error(s), 0 left on base; Las Vegas 2 - Mile High 0
BOTTOM OF THE 2ND
Mile High Broncos batting - Pitching for Las Vegas Stars : RHP Javier Valenzuela
Batting: RHB Rodney González 0-0: Ball
1-0: Foul Ball, location: 2F
1-1: Ball
2-1: Foul Ball, location: 2F
2-2: Fly out, F3 (Flyball, 3DF)
Batting: RHB David Moran 0-0: Ball
1-0: Called Strike
1-1: Swinging Strike
1-2: Foul Ball, location: 2F
1-2: Foul Ball, location: 2F
1-2: Ball
2-2: Strikes out swinging
Batting: LHB Dave Cook 0-0: Ball
1-0: Called Strike
1-1: Ball
2-1: Ball
3-1: Base on Balls
Batting: LHB Milton Watson 0-0: Ball
1-0: Called Strike
1-1: Ball
2-1: Called Strike
2-2: Ball
Wild Pitch!
Dave Cook to second
3-2: Fly out, F8 (Flyball, 8LS)
Bottom of the 2nd over - 0 run(s), 0 hit(s), 0 error(s), 1 left on base; Las Vegas 2 - Mile High 0
TOP OF THE 3RD
Las Vegas Stars batting - Pitching for Mile High Broncos : RHP Denny Green
Batting: RHB Jonathan MacVey 0-0: Ball
1-0: Ball
2-0: Called Strike
2-1: Swinging Strike
2-2: Ball
3-2: Foul Ball, location: 2F
3-2: Strikes out looking
Batting: SHB Sloan James 0-0: Ball
1-0: SOLO HOME RUN (Flyball, 89XD), Distance : 397 ft
Batting: RHB Tom Howe 0-0: Foul Ball, location: 2F
0-1: DOUBLE (Flyball, 78XD)
Batting: LHB Fernando De La Cruz 0-0: Ball
1-0: Ball
2-0: Ball
3-0: Called Strike
3-1: Base on Balls
Batting: SHB Héctor Barajas 0-0: Foul Ball, location: 2F
0-1: Swinging Strike
0-2: Ball
1-2: Strikes out swinging
Batting: LHB Bryan Foster 0-0: SINGLE (Groundball, 4MD)
Tom Howe to third
Fernando De La Cruz to second
Runner from 3rd tries for Home, SAFE, no throw
Batting: LHB Diego Torres 0-0: Called Strike
0-1: Foul Ball, location: 2F
0-2: Ball
1-2: Ball
2-2: Strikes out swinging
Top of the 3rd over - 2 run(s), 3 hit(s), 0 error(s), 2 left on base; Las Vegas 4 - Mile High 0
BOTTOM OF THE 3RD
Mile High Broncos batting - Pitching for Las Vegas Stars : RHP Javier Valenzuela
Batting: SHB Pedro Martínez 0-0: Called Strike
0-1: Fly out, F9 (Flyball, 9)
Batting: RHB Evan Robinson 0-0: Ball
1-0: Called Strike
1-1: Called Strike
1-2: Ball
2-2: SINGLE (Flyball, 8LS)
Batting: LHB Ernesto López 0-0: Swinging Strike
0-1: Ball
1-1: Foul Ball, location: 2F
1-2: Ball
2-2: Ball
3-2: Foul Ball, location: 2F
3-2: Foul Ball, location: 2F
3-2: SINGLE (Groundball, 56S) (infield hit)
Evan Robinson to second
Batting: SHB Tom Stevens 0-0: SINGLE (Groundball, 6MD)
Evan Robinson to third
Ernesto López to second
Runner from 3rd tries for Home, SAFE, throw made home
Ernesto López to third
Tom Stevens to second
Batting: RHB António Martínez 0-0: Called Strike
0-1: Swinging Strike
0-2: Ball
1-2: Ball
2-2: Strikes out swinging
Batting: RHB Rodney González 0-0: Called Strike
0-1: Swinging Strike
0-2: Foul Ball, location: 2F
0-2: Ball
1-2: Fly out, F9 (Flyball, 9S)
Bottom of the 3rd over - 1 run(s), 3 hit(s), 0 error(s), 2 left on base; Las Vegas 4 - Mile High 1
TOP OF THE 4TH
Las Vegas Stars batting - Pitching for Mile High Broncos : RHP Denny Green
Batting: LHB Paco Rivera 0-0: Ball
1-0: Called Strike
1-1: Ball
2-1: Ground out 6-3 (Groundball, 6)
Batting: RHB Ryan McBride 0-0: Ball
1-0: Swinging Strike
1-1: Swinging Strike
1-2: Strikes out looking
Batting: RHB Jonathan MacVey 0-0: Foul Ball, location: 2F
0-1: Fly out, F7 (Flyball, 7LM)
Top of the 4th over - 0 run(s), 0 hit(s), 0 error(s), 0 left on base; Las Vegas 4 - Mile High 1
BOTTOM OF THE 4TH
Mile High Broncos batting - Pitching for Las Vegas Stars : RHP Javier Valenzuela
Batting: RHB David Moran 0-0: Ball
1-0: Foul Ball, location: 2F
1-1: Called Strike
1-2: Ground out 4-3 (Groundball, 4)
Batting: LHB Dave Cook 0-0: Ball
1-0: Ball
2-0: Called Strike
2-1: SINGLE (Flyball, 8LS)
Batting: LHB Milton Watson 0-0: Foul Ball, location: 2F
0-1: Called Strike
0-2: Foul Ball, location: 2F
0-2: Foul Ball, location: 2F
0-2: Ball
1-2: Foul Ball, location: 2F
1-2: SINGLE (Groundball, 34D)
Dave Cook to second
Runner from 2nd tries for 3rd, SAFE, throw made to third
Pitching: LHP Jeff Catron
Batting: SHB Pedro Martínez 0-0: Called Strike
0-1: Called Strike
0-2: DOUBLE (Line Drive, 78D)
Dave Cook scores
Milton Watson to third
Batting: RHB Evan Robinson 0-0: Called Strike
0-1: Called Strike
0-2: Ground out 6-3 (Groundball, 6)
Milton Watson scores
Pedro Martínez to third
Batting: LHB Ernesto López 0-0: Fly out, F8 (Flyball, 8RXD)
Bottom of the 4th over - 2 run(s), 3 hit(s), 0 error(s), 1 left on base; Las Vegas 4 - Mile High 3
TOP OF THE 5TH
Las Vegas Stars batting - Pitching for Mile High Broncos : RHP Denny Green
Batting: SHB Sloan James 0-0: Ball
1-0: Ball
2-0: Foul Ball, location: 2F
2-1: Foul Ball, location: 2F
2-2: Ball
3-2: Foul Ball, location: 2F
3-2: Base on Balls
Batting: RHB Tom Howe 0-0: Ball
1-0: Foul Ball, location: 2F
1-1: Swinging Strike
1-2: Foul Ball, location: 2F
1-2: Ball
2-2: Strikes out swinging
Batting: LHB Fernando De La Cruz 0-0: Fielders Choice at 2nd, 5-4 (Groundball, 56)
Batting: SHB Héctor Barajas 0-0: Called Strike
0-1: Ball
1-1: Ball
2-1: Foul Ball, location: 2F
2-2: Strikes out looking
Top of the 5th over - 0 run(s), 0 hit(s), 0 error(s), 1 left on base; Las Vegas 4 - Mile High 3
BOTTOM OF THE 5TH
Mile High Broncos batting - Pitching for Las Vegas Stars : LHP Jeff Catron
Batting: SHB Tom Stevens 0-0: Ball
1-0: Swinging Strike
1-1: Ball
2-1: Called Strike
2-2: Foul Ball, location: 2F
2-2: Ball
3-2: Foul Ball, location: 2F
3-2: Ground out U3 (Groundball, 34)
Batting: RHB António Martínez 0-0: Ball
1-0: Ball
2-0: Ball
3-0: Called Strike
3-1: Base on Balls
Batting: RHB Rodney González 0-0: Ball
1-0: Foul Ball, location: 2F
1-1: Ball
2-1: Foul Ball, location: 2F
2-2: Ball
3-2: Strikes out looking
Batting: RHB David Moran 0-0: Called Strike
0-1: Ground out 4-3 (Groundball, 34)
Bottom of the 5th over - 0 run(s), 0 hit(s), 0 error(s), 1 left on base; Las Vegas 4 - Mile High 3
TOP OF THE 6TH
Las Vegas Stars batting - Pitching for Mile High Broncos : RHP Denny Green
Batting: LHB Bryan Foster 0-0: Ball
1-0: Ground out 4-3 (Groundball, 4)
Batting: LHB Diego Torres 0-0: Swinging Strike
0-1: Ball
1-1: Ball
2-1: Ball
3-1: Base on Balls
Batting: LHB Paco Rivera 0-0: Called Strike
0-1: Swinging Strike
0-2: Ball
1-2: Fly out, F7 (Flyball, 7)
Batting: RHB Ryan McBride 0-0: Ball
Diego Torres steals 2nd base
1-0: Ball
2-0: Foul Ball, location: 2F
2-1: Foul Ball, location: 2F
2-2: Ball
3-2: Ground out 1-3 (Groundball, P)
Top of the 6th over - 0 run(s), 0 hit(s), 0 error(s), 1 left on base; Las Vegas 4 - Mile High 3
BOTTOM OF THE 6TH
Mile High Broncos batting - Pitching for Las Vegas Stars : LHP Jeff Catron
Batting: LHB Dave Cook 0-0: Ball
1-0: Ball
2-0: Ball
3-0: Called Strike
3-1: Base on Balls
Batting: LHB Milton Watson 0-0: Ball
1-0: Foul Ball, location: 2F
1-1: Ball
2-1: Ball
3-1: Base on Balls
Dave Cook to second
Batting: SHB Pedro Martínez 0-0: Called Strike
0-1: Foul Ball, location: 2F
0-2: SINGLE (Line Drive, 7LS)
Dave Cook to third
Milton Watson to second
Batting: RHB Evan Robinson 0-0: Called Strike
0-1: Called Strike
0-2: Ball
1-2: SINGLE (Groundball, 56)
Dave Cook scores
Milton Watson to third
Pedro Martínez to second
Batting: LHB Ernesto López 0-0: Ball
1-0: SINGLE (Groundball, 34)
Milton Watson scores
Pedro Martínez to third
Evan Robinson to second
Runner from 3rd tries for Home, SAFE, no throw
Pitching: RHP Terry Adams
Batting: SHB Tom Stevens 0-0: Called Strike
0-1: Ball
1-1: Ball
2-1: Foul Ball, location: 2F
2-2: Ball
3-2: Base on Balls
Evan Robinson to third
Ernesto López to second
Batting: RHB António Martínez 0-0: Grounds into double play, 5-2-3 (Groundball, 56)
Ernesto López to third
Tom Stevens to second
Batting: RHB Rodney González 0-0: Called Strike
0-1: Fly out, F8 (Flyball, 8LD)
Bottom of the 6th over - 3 run(s), 3 hit(s), 0 error(s), 2 left on base; Las Vegas 4 - Mile High 6
TOP OF THE 7TH
Las Vegas Stars batting - Pitching for Mile High Broncos : RHP Denny Green
Pitching: LHP Robin Wilder
Batting: RHB Jonathan MacVey 0-0: Ball
1-0: Ground out 5-3 (Groundball, 5S)
Batting: SHB Sloan James 0-0: Swinging Strike
0-1: Called Strike
0-2: Strikes out looking
Batting: RHB Tom Howe 0-0: Ball
1-0: Called Strike
1-1: Swinging Strike
1-2: Strikes out swinging
Top of the 7th over - 0 run(s), 0 hit(s), 0 error(s), 0 left on base; Las Vegas 4 - Mile High 6
BOTTOM OF THE 7TH
Mile High Broncos batting - Pitching for Las Vegas Stars : RHP Terry Adams
Batting: RHB David Moran 0-0: Fly out, F9 (Flyball, 9S)
Batting: LHB Dave Cook 0-0: Ball
1-0: SINGLE (Groundball, 5D)
Batting: LHB Milton Watson 0-0: Ball
1-0: Foul Ball, location: 2F
1-1: Foul Ball, location: 2F
1-2: Foul Ball, location: 2F
1-2: Ball
2-2: Ball
3-2: 2-RUN HOME RUN (Flyball, 9D), Distance : 383 ft
Pitching: RHP Fred Ellis
Batting: SHB Pedro Martínez 0-0: Ball
1-0: Ball
2-0: Foul Ball, location: 2F
2-1: Called Strike
2-2: Ground out 6-3 (Groundball, 6)
Batting: RHB Evan Robinson 0-0: Ball
1-0: Swinging Strike
1-1: Ball
2-1: Called Strike
2-2: Ball
3-2: Strikes out swinging
Bottom of the 7th over - 2 run(s), 2 hit(s), 0 error(s), 0 left on base; Las Vegas 4 - Mile High 8
TOP OF THE 8TH
Las Vegas Stars batting - Pitching for Mile High Broncos : LHP Robin Wilder
Batting: LHB Fernando De La Cruz 0-0: Foul Ball, location: 2F
0-1: Foul Ball, location: 2F
0-2: Foul Ball, location: 2F
0-2: Ball
1-2: Foul Ball, location: 2F
1-2: Foul Ball, location: 2F
1-2: Foul Ball, location: 2F
1-2: Ball
2-2: Ground out 4-3 (Groundball, 34)
Batting: SHB Héctor Barajas 0-0: Ball
1-0: Called Strike
1-1: Ball
2-1: Foul Ball, location: 2F
2-2: Strikes out swinging
Batting: LHB Bryan Foster 0-0: Called Strike
0-1: Ball
1-1: Fly out, F9 (Line Drive, 9)
Top of the 8th over - 0 run(s), 0 hit(s), 0 error(s), 0 left on base; Las Vegas 4 - Mile High 8
BOTTOM OF THE 8TH
Mile High Broncos batting - Pitching for Las Vegas Stars : RHP Fred Ellis
Batting: LHB Ernesto López 0-0: Ball
1-0: Foul Ball, location: 2F
1-1: Foul Ball, location: 2F
1-2: Ball
2-2: Foul Ball, location: 2F
2-2: Fly out, F7 (Flyball, 7LSF)
Batting: SHB Tom Stevens 0-0: Ball
1-0: Ball
2-0: Ball
3-0: Base on Balls
Batting: RHB António Martínez 0-0: Called Strike
0-1: Swinging Strike
0-2: Ball
1-2: Strikes out swinging
Batting: RHB Rodney González 0-0: SINGLE (Line Drive, 6M)
Tom Stevens to second
Batting: RHB David Moran 0-0: Ball
1-0: Ball
2-0: Ball
3-0: Base on Balls
Tom Stevens to third
Rodney González to second
Batting: LHB Dave Cook 0-0: Ball
1-0: Foul Ball, location: 2F
1-1: Foul Ball, location: 2F
1-2: Ball
2-2: SINGLE (Groundball, 4MS) (infield hit)
Tom Stevens scores
Rodney González to third
David Moran to second
Batting: LHB Milton Watson 0-0: Ball
1-0: Called Strike
1-1: Ball
2-1: Ball
3-1: Foul Ball, location: 2F
3-2: Base on Balls
Rodney González scores
David Moran to third
Dave Cook to second
Batting: SHB Pedro Martínez 0-0: Ball
1-0: Fly out, F8 (Flyball, 8LM)
Bottom of the 8th over - 2 run(s), 2 hit(s), 0 error(s), 3 left on base; Las Vegas 4 - Mile High 10
TOP OF THE 9TH
Las Vegas Stars batting - Pitching for Mile High Broncos : LHP Robin Wilder
Now at 2B: Keith Shaffer
Now at 3B: Paco Martínez
Batting: LHB Diego Torres 0-0: Ball
1-0: Ball
2-0: Ball
3-0: Base on Balls
Batting: LHB Paco Rivera 0-0: Foul Ball, location: 2F
0-1: Ball
1-1: Called Strike
1-2: Ball
2-2: 2-RUN HOME RUN (Flyball, 78XD), Distance : 419 ft
Batting: RHB Ryan McBride 0-0: Called Strike
0-1: Ball
1-1: Ball
2-1: SOLO HOME RUN (Flyball, 9D), Distance : 375 ft
Pitching: RHP Tony Marrero
Batting: RHB Jonathan MacVey 0-0: Called Strike
0-1: Called Strike
0-2: Strikes out swinging
Batting: SHB Sloan James 0-0: Swinging Strike
0-1: Foul Ball, location: 2F
0-2: Foul Ball, location: 2F
0-2: Strikes out swinging
Batting: RHB Tom Howe 0-0: Foul Ball, location: 2F
0-1: Foul Ball, location: 2F
0-2: Ball
1-2: Foul Ball, location: 2F
1-2: Foul Ball, location: 2F
1-2: Ball
2-2: Foul Ball, location: 2F
2-2: Foul Ball, location: 2F
2-2: Fly out, F7 (Flyball, 78XD)
Top of the 9th over - 3 run(s), 2 hit(s), 0 error(s), 0 left on base; Las Vegas 7 - Mile High 10
Thursday, March 30th, 2017 - OOTP Baseball 17.12 Build 75